 Dungeon Crawl Stone Soup version 0.31-a0-152-g6aa68a64a1 (webtiles) character file.

Game seed: 3728460100418532469

7743 qw the Skirmisher (level 11, 0/103 HPs)
             Began as a Naga Hunter on June 10, 2023.
             Was a Follower of Okawaru.
             Killed from afar by an electric eel (11 damage)
             ... with a bolt of electricity
             ... on level 10 of the Dungeon.
             The game lasted 00:03:54 (10001 turns).

qw the Skirmisher (Naga Hunter)                    Turns: 10001, Time: 00:03:55

Health: 0/103      AC: 10    Str: 13    XL:     11   Next: 20%
Magic:  13/14      EV: 20    Int:  9    God:    Okawaru [*.....]
Gold:   469        SH:  0    Dex: 20    Spells: 10/10 levels left

rFire   + + .        Y - +2 shortbow (flame)
rCold   + . .        (shield currently unavailable)
rNeg    . . .        b - +2 leather armour {rF+}
rPois   +            m - +2 hat
rElec   .            n - scarf {rC+ rF+}
rCorr   .            (no gloves)
SInv    +            (no barding)
Will    +....        (no amulet)
Stlth   +++          l - +5 ring of evasion
HPRegen 0.37/turn    (no ring)
MPRegen 0.14/turn

%: no passive effects
@: short of breath, heroic, very slow
A: AC +3, large, see invisible, deformed body, poison resistance, slowness 2,
spit poison 1, naga tail 1
a: Spit Poison, Renounce Religion, Heroism


You were on level 10 of the Dungeon.
You worshipped Okawaru.
Okawaru was aware of your devotion.
You visited 2 branches of the dungeon, and saw 11 of its levels.

You collected 584 gold pieces.
You spent 115 gold pieces at shops.


Innate Abilities, Weirdness & Mutations

Your serpentine skin is tough. (AC +3)
You have supernaturally acute eyesight. (SInv)
Armour fits poorly on your strangely shaped body.
Your system is resistant to poisons. (rPois)
You cover ground very slowly.
You can spit poison.
You have a snake-like lower body.


   Skills:
 - Level 8.0(13.0) Fighting
 + Level 12.3(17.3) Ranged Weapons
 - Level 3.2(8.2) Armour
 - Level 4.8(9.8) Dodging
 - Level 1.5(6.5) Stealth
 - Level 4.1 Invocations


You had 10 spell levels left.
You didn't know any spells.
Your spell library was empty.

Inventory:

Hand Weapons
 Y - a +2 shortbow of flaming (weapon)
Armour
 a - a +0 pair of gloves
 b - a +2 leather armour of fire resistance (worn)
 d - a +0 cloak
 m - a +2 hat (worn)
 n - a scarf of resistance (worn)
Jewellery
 l - a +5 ring of evasion (left hand)
Scrolls
 g - 2 scrolls of identify
Potions
 c - a potion of might
 e - a potion of curing
 h - a potion of mutation
 k - a potion of resistance

Dungeon Overview and Level Annotations

Branches:
Dungeon (10/15)            Temple (1/1) D:6            Lair (0/5) D:10
    Orc (0/2) D:9

Altars:
Ashenzari
Cheibriados
Dithmenos
Elyvilon
Fedhas
Gozag
Hepliaklqana
Kikubaaqudgha
Makhleb
Nemelex Xobeh
Okawaru
Qazlal
Ru
Sif Muna
Trog
Uskayaw
Vehumet
Wu Jian
Xom
Yredelemnul
Zin
The Shining One

Shops:
D:1 ?   D:4 [   D:8 ::

Annotations:
D:1 2 transporters


Message History

The manticore claws you!
You shoot an arrow. The arrow hits the manticore!
The arrow burns the manticore.
You kill the manticore!
Okawaru is honoured by your kill.
You can now gain great but temporary skills.
9994 ||| INVOKING Heroism.
You gain the combat prowess of a mighty hero.
You shoot an arrow. The arrow hits the electric eel!
The arrow burns the electric eel.
The electric eel is severely wounded.
You shoot an arrow.
The arrow barely misses the electric eel.
You have got your breath back.
The electric eel shoots out a bolt of lightning at you!
The bolt of electricity hits you!
The bolt of electricity hits you but does no damage.
9997 ||| INVOKING Spit Poison.
Aiming: Spit Poison (1% risk of failure)
Press: ? - help, Shift-Dir - straight line, f/p - electric eel The splash of poison misses the electric eel.
The electric eel shoots out a bolt of lightning at you!
The bolt of electricity hits you. The bolt of electricity hits you!
The electric eel shoots out a bolt of lightning at you!
The bolt of electricity hits the electric eel.
The electric eel completely resists.
The bolt of electricity misses you. x2
You shoot an arrow. The arrow hits the electric eel!
The arrow burns the electric eel.
You kill the electric eel!
Okawaru accepts your kill.
You hear a splash.
You shoot an arrow. The arrow hits the electric eel.
The arrow burns the electric eel.
The electric eel is heavily wounded.
You shoot an arrow.
The arrow barely misses the electric eel.
You carefully extract the barbed spikes from your body.
10001 ||| FLEEEEING.
The electric eel shoots out a bolt of lightning at you!
The bolt of electricity hits you!
You die...

......####.....#........#
...............#........+
...............#........#
...............#........#
...............#........#
#####..[..##'###........#
#.#+####.# #...#+#..# #.#
#.# #...# #...
#.#.####.###@..#
..............#
##[####..##...# #..##...#
...............
....~#SS....~~~~
####S~~~~~~~~~~~~
~~S~~~~~~~~~~~
~~~~~~~~~~~~~~~


You could see 2 electric eels.

Vanquished Creatures
  Harold (D:9)
  Amaemon (D:8)
  Pikel (D:6)
  A manticore (D:10)
  An orange demon (D:8)
  A komodo dragon (D:9)
  2 hornets (D:8)
  A vampire (D:6)
  A wraith (D:9)
  3 steam dragons
  A water moccasin (D:5)
  An acid dragon (D:10)
  5 orc warriors
  2 sky beasts
  3 black bears (D:5)
  An ice beast (D:6)
  2 ogres
  A centaur (D:8)
  A lemure (D:7)
  2 phantoms (D:5)
  2 kobold brigands
  3 bullfrogs
  4 scorpions
  8 wights
  2 vampire bats (D:4)
  2 electric eels (D:10)
  5 howler monkeys
  4 hounds
  A jelly (D:4)
  A gnoll bouda (D:5)
  9 orc priests
  2 sleepcaps
  6 iguanas
  9 orc wizards
  14 gnolls
  7 adders
  A white imp (D:8)
  An ufetubus (D:5)
  A worm (D:2)
  2 dart slugs
  27 orcs
  11 ball pythons
  3 bat skeletons (D:4)
  2 bat zombies (D:4)
  9 endoplasms
  15 goblins
  10 hobgoblins
  15 kobolds
  5 quokkas
  6 bats
  5 frilled lizards
  7 rats
231 creatures vanquished.

Notes
Turn   | Place    | Note
-------+----------+-------------------------------------------
     0 | D:1      | qw the Naga Hunter began the quest for the Orb.
     0 | D:1      | Reached XP level 1. HP: 19/19 MP: 1/1
     0 | D:1      | 0 ||| qw: Version: 0.2-a-122-gbc61b45
     0 | D:1      | 0 ||| qw: Game counter: 3556
     0 | D:1      | 0 ||| qw: Always use a shield: true
     0 | D:1      | 0 ||| qw: God list: Okawaru
     0 | D:1      | 0 ||| qw: Allow faded altars: false
     0 | D:1      | 0 ||| qw: Do Orc after D:15 true
     0 | D:1      | 0 ||| qw: Do second Lair branch before Depths: true
     0 | D:1      | 0 ||| qw: Lair rune preference: random
     0 | D:1      | 0 ||| qw: Plans: Normal
     0 | D:1      | 0 ||| PLANNING D:1-11
    18 | D:1      | 18 ||| INVOKING Spit Poison.
   116 | D:1      | 116 ||| INVOKING Spit Poison.
   132 | D:1      | 132 ||| INVOKING Spit Poison.
   137 | D:1      | 137 ||| INVOKING Spit Poison.
   203 | D:1      | Reached skill level 4 in Ranged Weapons
   203 | D:1      | Reached XP level 2. HP: 26/26 MP: 2/2
   213 | D:1      | 213 ||| INVOKING Spit Poison.
   217 | D:1      | Found a faded altar of an unknown god.
   225 | D:1      | 225 ||| INVOKING Spit Poison.
   228 | D:1      | 228 ||| INVOKING Spit Poison.
   233 | D:1      | 233 ||| INVOKING Spit Poison.
   295 | D:1      | 295 ||| INVOKING Spit Poison.
   376 | D:1      | Found a transporter.
   376 | D:1      | Found Boad's Magic Scroll Boutique.
   453 | D:1      | Found a transporter.
   500 | D:1      | 500 ||| INVOKING Spit Poison.
   514 | D:1      | 514 ||| INVOKING Spit Poison.
   549 | D:1      | 549 ||| INVOKING Spit Poison.
   550 | D:1      | Reached XP level 3. HP: 32/32 MP: 3/3
   598 | D:1      | 598 ||| INVOKING Spit Poison.
   608 | D:1      | 608 ||| INVOKING Spit Poison.
   617 | D:1      | 617 ||| INVOKING Spit Poison.
   622 | D:1      | 622 ||| INVOKING Spit Poison.
   633 | D:1      | 633 ||| INVOKING Spit Poison.
   910 | D:1      | 910 ||| READING scroll labelled MYOBUBROST.
   911 | D:1      | 911 ||| READING scroll labelled POIMAA ODDUHUEJ.
   912 | D:1      | 912 ||| READING scroll labelled YTHRONU FIEGO.
   913 | D:1      | 913 ||| DRINKING 2 golden potions.
   914 | D:1      | 914 ||| DROPPING scroll of butterflies.
   936 | D:2      | 936 ||| INVOKING Spit Poison.
   984 | D:2      | 984 ||| INVOKING Spit Poison.
   989 | D:2      | 989 ||| INVOKING Spit Poison.
   992 | D:2      | 992 ||| INVOKING Spit Poison.
  1110 | D:2      | 1110 ||| INVOKING Spit Poison.
  1185 | D:2      | 1185 ||| INVOKING Spit Poison.
  1192 | D:2      | 1192 ||| INVOKING Spit Poison.
  1195 | D:2      | 1195 ||| INVOKING Spit Poison.
  1196 | D:2      | Reached skill level 5 in Ranged Weapons
  1196 | D:2      | Reached XP level 4. HP: 35/39 MP: 4/4
  1198 | D:2      | 1198 ||| INVOKING Spit Poison.
  1294 | D:2      | 1294 ||| INVOKING Spit Poison.
  1309 | D:2      | 1309 ||| INVOKING Spit Poison.
  1434 | D:2      | 1434 ||| INVOKING Spit Poison.
  1474 | D:2      | 1474 ||| INVOKING Spit Poison.
  1477 | D:2      | 1477 ||| INVOKING Spit Poison.
  1518 | D:2      | 1518 ||| INVOKING Spit Poison.
  1524 | D:2      | 1524 ||| INVOKING Spit Poison.
  1534 | D:2      | 1534 ||| INVOKING Spit Poison.
  1551 | D:2      | Reached skill level 3 in Fighting
  1560 | D:2      | 1560 ||| INVOKING Spit Poison.
  1574 | D:2      | 1574 ||| INVOKING Spit Poison.
  1656 | D:2      | 1656 ||| INVOKING Spit Poison.
  1849 | D:2      | 1849 ||| READING scroll labelled DEYRRELEKU.
  1850 | D:2      | 1850 ||| READING scroll labelled FYMPAKL VUHU.
  1851 | D:2      | 1851 ||| READING scroll labelled ECLADU UN ZIR.
  1852 | D:2      | 1852 ||| READING scroll labelled JOITSU IMAER.
  1923 | D:3      | 1923 ||| INVOKING Spit Poison.
  1924 | D:3      | Reached XP level 5. HP: 49/49 MP: 5/5
  2016 | D:3      | Found a burning altar of Makhleb.
  2022 | D:3      | 2022 ||| INVOKING Spit Poison.
  2045 | D:3      | 2045 ||| INVOKING Spit Poison.
  2061 | D:3      | 2061 ||| INVOKING Spit Poison.
  2104 | D:3      | 2104 ||| INVOKING Spit Poison.
  2110 | D:3      | 2110 ||| INVOKING Spit Poison.
  2140 | D:3      | 2140 ||| INVOKING Spit Poison.
  2143 | D:3      | 2143 ||| INVOKING Spit Poison.
  2150 | D:3      | 2150 ||| INVOKING Spit Poison.
  2153 | D:3      | 2153 ||| INVOKING Spit Poison.
  2156 | D:3      | HP: 12/49 [orc priest/divine providence (13)]
  2157 | D:3      | 2157 ||| DRINKING potion of heal wounds.
  2158 | D:3      | 2158 ||| INVOKING Spit Poison.
  2174 | D:3      | 2174 ||| INVOKING Spit Poison.
  2387 | D:3      | 2387 ||| INVOKING Spit Poison.
  2424 | D:3      | 2424 ||| INVOKING Spit Poison.
  2485 | D:3      | 2485 ||| READING scroll labelled ZOJYERGHEYBO.
  2490 | D:3      | 2490 ||| READING 2 scrolls labelled DIUMASANWO.
  2491 | D:3      | 2491 ||| DRINKING 3 fuming silvery potions.
  2492 | D:3      | 2492 ||| DROPPING scroll of noise.
  2541 | D:4      | Found Nusemaub's Antique Armour Emporium.
  2545 | D:4      | 2545 ||| BUYING dyed leather armour (115 gold).
  2545 | D:4      | Bought a dyed leather armour for 115 gold pieces
  2545 | D:4      | 2545 ||| SHOPLISTING helmet (103 gold, have 5).
  2610 | D:4      | 2610 ||| READING scroll of enchant weapon.
  2610 | D:4      | 2610 ||| ENCHANTING +1 shortbow of flaming.
  2714 | D:4      | 2714 ||| INVOKING Spit Poison.
  2717 | D:4      | 2717 ||| INVOKING Spit Poison.
  2719 | D:4      | Reached skill level 6 in Ranged Weapons
  2719 | D:4      | Reached XP level 6. HP: 56/56 MP: 6/6
  2766 | D:4      | 2766 ||| INVOKING Spit Poison.
  2792 | D:4      | 2792 ||| INVOKING Spit Poison.
  2844 | D:4      | 2844 ||| INVOKING Spit Poison.
  2853 | D:4      | 2853 ||| INVOKING Spit Poison.
  2882 | D:4      | 2882 ||| INVOKING Spit Poison.
  2885 | D:4      | 2885 ||| INVOKING Spit Poison.
  2943 | D:4      | 2943 ||| INVOKING Spit Poison.
  3101 | D:4      | Found an ancient bone altar of Kikubaaqudgha.
  3106 | D:4      | Reached XP level 7. HP: 64/64 MP: 7/7
  3118 | D:4      | 3118 ||| UPGRADING to +2 leather armour of fire resistance.
  3128 | D:4      | 3128 ||| DROPPING +0 leather armour.
  3129 | D:4      | 3129 ||| DRINKING 2 pink potions.
  3130 | D:4      | 3130 ||| READING 2 scrolls of identify.
  3130 | D:4      | 3130 ||| IDENTIFYING yellow potion
  3131 | D:4      | 3131 ||| DROPPING potion of attraction.
  3132 | D:4      | 3132 ||| DROPPING potion of degeneration.
  3164 | D:5      | Entered Level 5 of the Dungeon
  3165 | D:5      | 3165 ||| Stepping ~*~*~tactically~*~*~ (outnumbered).
  3166 | D:5      | 3166 ||| INVOKING Spit Poison.
  3169 | D:5      | 3169 ||| INVOKING Spit Poison.
  3176 | D:5      | 3176 ||| INVOKING Spit Poison.
  3179 | D:5      | 3179 ||| INVOKING Spit Poison.
  3352 | D:5      | 3352 ||| INVOKING Spit Poison.
  3356 | D:5      | 3356 ||| INVOKING Spit Poison.
  3357 | D:5      | Reached skill level 7 in Ranged Weapons
  3373 | D:5      | 3373 ||| INVOKING Spit Poison.
  3380 | D:5      | 3380 ||| INVOKING Spit Poison.
  3383 | D:5      | 3383 ||| INVOKING Spit Poison.
  3586 | D:5      | 3586 ||| INVOKING Spit Poison.
  3599 | D:5      | 3599 ||| INVOKING Spit Poison.
  3612 | D:5      | 3612 ||| INVOKING Spit Poison.
  3620 | D:5      | 3620 ||| INVOKING Spit Poison.
  3627 | D:5      | 3627 ||| INVOKING Spit Poison.
  3641 | D:5      | 3641 ||| INVOKING Spit Poison.
  3646 | D:5      | Reached skill level 8 in Ranged Weapons
  3646 | D:5      | Reached XP level 8. HP: 63/72 MP: 8/8
  3712 | D:5      | 3712 ||| INVOKING Spit Poison.
  3745 | D:5      | 3745 ||| INVOKING Spit Poison.
  3821 | D:5      | 3821 ||| INVOKING Spit Poison.
  3845 | D:5      | 3845 ||| INVOKING Spit Poison.
  3852 | D:5      | 3852 ||| INVOKING Spit Poison.
  3912 | D:5      | 3912 ||| INVOKING Spit Poison.
  3915 | D:5      | 3915 ||| INVOKING Spit Poison.
  4067 | D:5      | 4067 ||| INVOKING Spit Poison.
  4243 | D:5      | 4243 ||| Stepping ~*~*~tactically~*~*~ (outnumbered).
  4245 | D:5      | 4245 ||| INVOKING Spit Poison.
  4252 | D:5      | 4252 ||| INVOKING Spit Poison.
  4259 | D:5      | Reached skill level 9 in Ranged Weapons
  4260 | D:5      | 4260 ||| INVOKING Spit Poison.
  4603 | D:5      | 4603 ||| INVOKING Spit Poison.
  4608 | D:5      | Reached skill level 3 in Dodging
  4609 | D:5      | 4609 ||| INVOKING Spit Poison.
  4619 | D:5      | 4619 ||| INVOKING Spit Poison.
  4622 | D:5      | 4622 ||| INVOKING Spit Poison.
  4749 | D:5      | 4749 ||| READING scroll labelled SOFATU BISMUJO.
  4750 | D:5      | 4750 ||| READING scroll labelled BUICY QOISTI.
  4799 | D:6      | 4799 ||| INVOKING Spit Poison.
  4805 | D:6      | Reached skill level 6 in Fighting
  4936 | D:6      | Found a staircase to the Ecumenical Temple.
  4937 | D:6      | 4937 ||| PLANNING TEMPLE
  4937 | D:6      | 4937 ||| READING scroll labelled WIS USAUJOEGE.
  4945 | Temple   | Entered the Ecumenical Temple
  4966 | Temple   | 4966 ||| PLANNING OKAWARU WORSHIP
  5099 | Temple   | Became a worshipper of Warmaster Okawaru
  5099 | Temple   | 5099 ||| PLANNING D:1-11
  5145 | D:6      | 5145 ||| INVOKING Spit Poison.
  5150 | D:6      | Reached XP level 9. HP: 82/82 MP: 9/9
  5154 | D:6      | 5154 ||| INVOKING Spit Poison.
  5159 | D:6      | 5159 ||| INVOKING Spit Poison.
  5171 | D:6      | 5171 ||| INVOKING Spit Poison.
  5177 | D:6      | 5177 ||| INVOKING Spit Poison.
  5181 | D:6      | 5181 ||| INVOKING Spit Poison.
  5186 | D:6      | 5186 ||| INVOKING Spit Poison.
  5200 | D:6      | 5200 ||| INVOKING Spit Poison.
  5204 | D:6      | 5204 ||| INVOKING Spit Poison.
  5208 | D:6      | 5208 ||| INVOKING Spit Poison.
  5298 | D:6      | 5298 ||| INVOKING Spit Poison.
  5305 | D:6      | 5305 ||| INVOKING Spit Poison.
  5336 | D:6      | 5336 ||| INVOKING Spit Poison.
  5340 | D:6      | 5340 ||| INVOKING Spit Poison.
  5345 | D:6      | 5345 ||| INVOKING Spit Poison.
  5464 | D:6      | Reached skill level 10 in Ranged Weapons
  5689 | D:6      | 5689 ||| INVOKING Spit Poison.
  6061 | D:6      | 6061 ||| INVOKING Spit Poison.
  6106 | D:6      | 6106 ||| UPGRADING to +0 cloak.
  6111 | D:6      | 6111 ||| READING scroll labelled SUVVIPR LOYMNI.
  6112 | D:6      | 6112 ||| DRINKING 2 purple potions.
  6124 | D:7      | Noticed Pikel
  6125 | D:7      | 6125 ||| INVOKING Spit Poison.
  6132 | D:7      | 6132 ||| STAIRDANCE
  6134 | D:6      | 6134 ||| INVOKING Spit Poison.
  6138 | D:6      | 6138 ||| INVOKING Spit Poison.
  6143 | D:6      | Killed Pikel
  6143 | D:6      | Reached * piety under Okawaru
  6144 | D:6      | Reached skill level 3 in Armour
  6309 | D:6      | 6309 ||| DRINKING 3 grey potions.
  6310 | D:6      | 6310 ||| DROPPING 2 potions of brilliance.
  6346 | D:7      | 6346 ||| INVOKING Spit Poison.
  6353 | D:7      | 6353 ||| INVOKING Spit Poison.
  6355 | D:7      | 6355 ||| INVOKING Heroism.
  6358 | D:7      | 6358 ||| Stepping ~*~*~tactically~*~*~ (outnumbered).
  6359 | D:7      | 6359 ||| INVOKING Spit Poison.
  6364 | D:7      | 6364 ||| INVOKING Spit Poison.
  6365 | D:7      | Reached skill level 1 in Invocations
  6443 | D:7      | 6443 ||| INVOKING Spit Poison.
  6449 | D:7      | 6449 ||| INVOKING Spit Poison.
  6573 | D:7      | 6573 ||| INVOKING Spit Poison.
  6601 | D:7      | Found a hazy altar of Hepliaklqana.
  6651 | D:7      | 6651 ||| INVOKING Spit Poison.
  6664 | D:7      | 6664 ||| INVOKING Spit Poison.
  6804 | D:7      | 6804 ||| UPGRADING to +2 hat.
  6809 | D:7      | 6809 ||| UPGRADING to scarf of resistance.
  6819 | D:7      | 6819 ||| UPGRADING to +5 ring of evasion.
  6820 | D:7      | 6820 ||| READING 2 scrolls of identify.
  6820 | D:7      | 6820 ||| IDENTIFYING fizzy red potion
  6821 | D:7      | 6821 ||| DROPPING potion of enlightenment.
  6894 | D:8      | 6894 ||| INVOKING Spit Poison.
  6981 | D:8      | Found Hawkoi's Vocational Training.
  6989 | D:8      | Found Tuozauno's Book Emporium.
  7024 | D:8      | 7024 ||| INVOKING Spit Poison.
  7031 | D:8      | 7031 ||| INVOKING Spit Poison.
  7033 | D:8      | Reached XP level 10. HP: 94/94 MP: 10/12
  7036 | D:8      | 7036 ||| INVOKING Spit Poison.
  7066 | D:8      | 7066 ||| INVOKING Spit Poison.
  7074 | D:8      | 7074 ||| INVOKING Spit Poison.
  7075 | D:8      | Reached skill level 3 in Invocations
  7084 | D:8      | 7084 ||| INVOKING Spit Poison.
  7090 | D:8      | 7090 ||| INVOKING Spit Poison.
  7091 | D:8      | Paralysed by a hornet for 3 turns
  7094 | D:8      | 7094 ||| INVOKING Heroism.
  7095 | D:8      | 7095 ||| INVOKING Spit Poison.
  7102 | D:8      | 7102 ||| INVOKING Spit Poison.
  7103 | D:8      | Noticed an orange demon
  7108 | D:8      | 7108 ||| INVOKING Spit Poison.
  7111 | D:8      | Reached ** piety under Okawaru
  7115 | D:8      | 7115 ||| INVOKING Spit Poison.
  7117 | D:8      | HP: 16/94 [orange demon[Amaemon] (9)]
  7117 | D:8      | HP: 6/92 [wight/+2 long sword (2)]
  7118 | D:8      | 7118 ||| READING 2 scrolls of teleportation.
  7119 | D:8      | 7119 ||| DRINKING 2 potions of heal wounds.
  7120 | D:8      | 7120 ||| INVOKING Spit Poison.
  7122 | D:8      | 7122 ||| DRINKING potion of heal wounds.
  7132 | D:8      | 7132 ||| INVOKING Heroism.
  7137 | D:8      | 7137 ||| INVOKING Spit Poison.
  7153 | D:8      | 7153 ||| INVOKING Heroism.
  7160 | D:8      | 7160 ||| INVOKING Spit Poison.
  7184 | D:8      | 7184 ||| INVOKING Heroism.
  7334 | D:8      | Found a flagged portal.
  7361 | D:8      | Noticed Amaemon
  7362 | D:8      | 7362 ||| INVOKING Heroism.
  7365 | D:8      | 7365 ||| INVOKING Spit Poison.
  7373 | D:8      | 7373 ||| INVOKING Spit Poison.
  7377 | D:8      | 7377 ||| INVOKING Spit Poison.
  7382 | D:8      | 7382 ||| INVOKING Heroism.
  7383 | D:8      | 7383 ||| INVOKING Spit Poison.
  7385 | D:8      | HP: 23/92 [poisoned by Amaemon]
  7386 | D:8      | 7386 ||| READING scroll of teleportation.
  7386 | D:8      | HP: 10/92 [orange demon[Amaemon] (3)]
  7387 | D:8      | 7387 ||| INVOKING Spit Poison.
  7387 | D:8      | HP: 4/92 [poisoned by Amaemon]
  7388 | D:8      | 7388 ||| DRINKING 2 potions of curing.
  7388 | D:8      | 7388 ||| (to cure poison)
  7681 | D:8      | 7681 ||| INVOKING Heroism.
  7682 | D:8      | 7682 ||| INVOKING Spit Poison.
  7688 | D:8      | 7688 ||| Stepping ~*~*~tactically~*~*~ (outnumbered).
  7690 | D:8      | 7690 ||| INVOKING Spit Poison.
  7696 | D:8      | 7696 ||| INVOKING Spit Poison.
  7701 | D:8      | 7701 ||| INVOKING Heroism.
  7702 | D:8      | 7702 ||| INVOKING Spit Poison.
  7704 | D:8      | Killed Amaemon
  7705 | D:8      | Reached skill level 11 in Ranged Weapons
  7710 | D:8      | Killed an orange demon
  7888 | D:8      | You fall into a shaft and drop 1 floor!
  7986 | D:9      | Noticed Harold
  7987 | D:9      | 7987 ||| INVOKING Heroism.
  7989 | D:9      | 7989 ||| INVOKING Spit Poison.
  7996 | D:9      | 7996 ||| INVOKING Spit Poison.
  8004 | D:9      | 8004 ||| INVOKING Heroism.
  8005 | D:9      | 8005 ||| INVOKING Spit Poison.
  8009 | D:9      | Killed Harold
  8034 | D:9      | 8034 ||| INVOKING Heroism.
  8035 | D:9      | 8035 ||| INVOKING Spit Poison.
  8037 | D:9      | 8037 ||| Stepping ~*~*~tactically~*~*~ (outnumbered).
  8042 | D:9      | 8042 ||| INVOKING Spit Poison.
  8047 | D:9      | 8047 ||| INVOKING Spit Poison.
  8150 | D:9      | 8150 ||| DROPPING scarf of resistance.
  8151 | D:9      | 8151 ||| READING 3 scrolls of identify.
  8151 | D:9      | 8151 ||| IDENTIFYING bubbling dark potion
  8152 | D:9      | 8152 ||| READING 2 scrolls of identify.
  8152 | D:9      | 8152 ||| IDENTIFYING murky golden potion
  8153 | D:9      | 8153 ||| DROPPING potion of lignification.
  8481 | D:9      | 8481 ||| INVOKING Spit Poison.
  8488 | D:9      | 8488 ||| INVOKING Spit Poison.
  8491 | D:9      | 8491 ||| INVOKING Heroism.
  8492 | D:9      | 8492 ||| INVOKING Spit Poison.
  8499 | D:9      | 8499 ||| INVOKING Spit Poison.
  8951 | D:9      | Found a staircase to the Orcish Mines.
  8954 | D:9      | 8954 ||| INVOKING Heroism.
  8955 | D:9      | 8955 ||| Stepping ~*~*~tactically~*~*~ (outnumbered).
  8956 | D:9      | 8956 ||| INVOKING Spit Poison.
  8957 | D:9      | 8957 ||| Stepping ~*~*~tactically~*~*~ (outnumbered).
  8970 | D:9      | 8970 ||| INVOKING Spit Poison.
  8976 | D:9      | 8976 ||| INVOKING Heroism.
  8977 | D:9      | 8977 ||| INVOKING Spit Poison.
  8982 | D:9      | 8982 ||| INVOKING Spit Poison.
  8985 | D:9      | Reached XP level 11. HP: 100/103 MP: 11/14
  8991 | D:9      | 8991 ||| INVOKING Spit Poison.
  8994 | D:9      | 8994 ||| INVOKING Heroism.
  8997 | D:9      | 8997 ||| INVOKING Spit Poison.
  9004 | D:9      | 9004 ||| INVOKING Spit Poison.
  9009 | D:9      | 9009 ||| INVOKING Spit Poison.
  9042 | D:9      | 9042 ||| INVOKING Heroism.
  9043 | D:9      | 9043 ||| INVOKING Spit Poison.
  9145 | D:9      | 9145 ||| INVOKING Spit Poison.
  9350 | D:9      | Found a glowing silver altar of Zin.
  9518 | D:9      | 9518 ||| READING 2 scrolls of identify.
  9518 | D:9      | 9518 ||| IDENTIFYING bubbling grey potion
  9573 | D:10     | Entered Level 10 of the Dungeon
  9573 | D:10     | Found a staircase to the Lair.
  9630 | D:10     | 9630 ||| INVOKING Heroism.
  9633 | D:10     | 9633 ||| INVOKING Spit Poison.
  9637 | D:10     | 9637 ||| INVOKING Spit Poison.
  9638 | D:10     | Reached skill level 12 in Ranged Weapons
  9653 | D:10     | 9653 ||| INVOKING Spit Poison.
  9660 | D:10     | 9660 ||| INVOKING Spit Poison.
  9665 | D:10     | 9665 ||| INVOKING Spit Poison.
  9667 | D:10     | 9667 ||| Stepping ~*~*~tactically~*~*~ (outnumbered).
  9669 | D:10     | 9669 ||| Stepping ~*~*~tactically~*~*~ (outnumbered).
  9671 | D:10     | 9671 ||| INVOKING Spit Poison.
  9957 | D:10     | 9957 ||| INVOKING Heroism.
  9960 | D:10     | 9960 ||| INVOKING Spit Poison.
  9972 | D:10     | Noticed a manticore
  9973 | D:10     | 9973 ||| Stepping ~*~*~tactically~*~*~ (outnumbered).
  9975 | D:10     | 9975 ||| Stepping ~*~*~tactically~*~*~ (outnumbered).
  9977 | D:10     | 9977 ||| Stepping ~*~*~tactically~*~*~ (outnumbered).
  9978 | D:10     | 9978 ||| Stepping ~*~*~tactically~*~*~ (outnumbered).
  9979 | D:10     | 9979 ||| INVOKING Spit Poison.
  9987 | D:10     | 9987 ||| INVOKING Spit Poison.
  9991 | D:10     | 9991 ||| INVOKING Spit Poison.
  9993 | D:10     | Killed a manticore
  9994 | D:10     | 9994 ||| INVOKING Heroism.
  9996 | D:10     | HP: 21/103 [electric eel/bolt of electricity (7)]
  9997 | D:10     | 9997 ||| INVOKING Spit Poison.
  9997 | D:10     | HP: 10/103 [electric eel/bolt of electricity (7)]
 10001 | D:10     | 10001 ||| FLEEEEING.
 10001 | D:10     | Killed from afar by an electric eel

Levels and vault maps discovered:
D:1:      minmay_arrival_five_plusses, layout_loops_ring, serial_shops,
          nicolae_shop_drivethru, serial_forest, infiniplex_forest_clump_large,
          infiniplex_forest_zigzag_1, infiniplex_forest_clump_curved,
          infiniplex_forest_lined_2, infiniplex_forest_clump_diagonal,
          infiniplex_forest_straight_2, infiniplex_forest_clump_curved,
          shapermc_ecumenical_altar_acropolis, st_stairs_3
D:2:      layout_basic, nicolae_grassy_gnolls
D:3:      layout_basic, lemuel_doored_altar, amcnicky_mini_corridor_feature
D:4:      layout_gridville, kennysheep_vampire_church, serial_shops, shop,
          wad_floor_pattern_untrapped
D:5:      layout_basic, minmay_between
D:6:      layout_basic, temple_fountains
D:7:      layout_cave_pools, mainiacjoe_overflow_six_doors_small,
          nicolae_letterblocks [nicolae_letter_subblock,
          nicolae_letter_subblock, nicolae_letter_subblock,
          nicolae_letter_subblock, nicolae_letter_subblock,
          nicolae_letter_subblock, nicolae_letter_subblock,
          nicolae_letter_subblock, nicolae_letter_subblock,
          nicolae_letter_subblock, nicolae_letter_subblock,
          nicolae_letter_subblock, nicolae_letter_subblock,
          nicolae_letter_subblock, nicolae_letter_subblock,
          nicolae_letter_subblock, nicolae_letter_subblock,
          nicolae_letter_subblock, nicolae_letter_subblock,
          nicolae_letter_subblock, nicolae_letter_subblock,
          nicolae_letter_subblock, nicolae_letter_subblock,
          nicolae_letter_subblock, nicolae_letter_subblock], uniq_pikel
D:8:      layout_basic, serial_shops, nicolae_shop_waterfront, enter_bailey_3,
          kennysheep_decorative_pillar, minivault_22, nicolae_shop_vocational,
          uniq_amaemon
D:9:      layout_loops_ring, zin_treasury, minmay_orc_entry_temple_small,
          serial_rivers, chequers_serial_rivers_large_b,
          chequers_serial_rivers_small_3, chequers_serial_rivers_micro_e,
          chequers_serial_rivers_small_b, chequers_serial_rivers_room_b,
          chequers_serial_rivers_large_a, minmay_lizard_king, uniq_harold
D:10:     layout_basic, lair_entry_dummy, hangedman_abyss_or_decor_slice,
          minmay_misc_feat_x, serial_bayou_pond_d
Temple:   regret_index_temple_chain_breaker

Skill      XL: |  1  2  3  4  5  6  7  8  9 10 11 |
---------------+----------------------------------+-----
Ranged Weapons | 4 5 6 8 9 10 11 12 | 12.3
Fighting       | 3 4 6 7 8 |  8.0
Dodging        | 2 3 4 |  4.8
Armour         | 3 |  3.2
Invocations    | 2 4 |  4.1
Stealth        | |  1.5

Action                     |  1- 3 |  4- 6 |  7- 9 | 10-12 || total
---------------------------+-------+-------+-------+-------++-------
   Fire: Shortbow          |    50 |    83 |   273 |   257 ||   663
 Invoke: Heroism           |       |       |     1 |    19 ||    20
Ability: Spit Poison       |    25 |    35 |    63 |    52 ||   175
    Use: Scroll            |     3 |     7 |     6 |     5 ||    21
         Potion            |     1 |     2 |     3 |     3 ||     9
 Armour: Leather armour    |     6 |     9 |    51 |    45 ||   111
  Dodge: Dodged            |    15 |    17 |    79 |   256 ||   367

Table legend:
 A = Non-vault XP
 B = Vault XP
 C = Vault XP percentage of total XP
 D = Non-vault monster count
 E = Vault monster count
 F = Vault count percentage of total count
                 A         B        C        D         E       F
            +---------+---------+-------+---------+---------+-------
      Total |    6807 |    4255 |  38.5 |     190 |      40 |  17.4
            +---------+---------+-------+---------+---------+-------
        D:1 |      37 |       6 |  14.0 |      21 |       3 |  12.5
        D:2 |      75 |      43 |  36.4 |      23 |       3 |  11.5
        D:3 |     133 |       0 |   0.0 |      17 |       0 |   0.0
        D:4 |     226 |     120 |  34.7 |      12 |       7 |  36.8
        D:5 |    1299 |     373 |  22.3 |      30 |       4 |  11.8
        D:6 |    1147 |     651 |  36.2 |      24 |       1 |   4.0
        D:7 |     366 |       0 |   0.0 |      13 |       0 |   0.0
        D:8 |    1492 |    1187 |  44.3 |      21 |       6 |  22.2
        D:9 |     947 |    1875 |  66.4 |      15 |      16 |  51.6
       D:10 |    1085 |       0 |   0.0 |      14 |       0 |   0.0
            +---------+---------+-------+---------+---------+-------
